 Dungeon Crawl Stone Soup version 0.27-a0-890-ged2907cb04 (webtiles) character file.

Game seed: 18331449325365387100

217 Kakkamies the Covered (level 5, 0/47 HPs)
             Began as a Hill Orc Fighter on Apr 5, 2021.
             Succumbed to Edmund's poison
             ... on level 4 of the Dungeon.
             The game lasted 00:07:52 (3780 turns).

Kakkamies the Covered (Hill Orc Fighter)            Turns: 3780, Time: 00:07:53

Health: 0/47       AC:  8    Str: 19    XL:     5   Next: 94%
Magic:  5/5        EV:  7    Int:  8    God:
Gold:   152        SH:  9    Dex: 11    Spells: 4/4 levels left

rFire    . . .     SeeInvis .   a - +0 trident
rCold    . . .     Faith    .   c - +0 kite shield
rNeg     . . .     Spirit   .   b - +0 scale mail
rPois    .         Reflect  .   (no helmet)
rElec    .         Harm     .   (no cloak)
rCorr    .         Rampage  .   u - +0 pair of gloves
Will     .....                  (no boots)
Stlth    ..........             (no amulet)
HPRegen  0.15/turn              (no ring)
MPRegen  0.09/turn              (no ring)

@: mighty, lethally poisoned (0 -> -12)
A: no striking features
a: no special abilities


You were on level 4 of the Dungeon.
You visited 1 branch of the dungeon, and saw 4 of its levels.

You collected 152 gold pieces.

Inventory:

Hand Weapons
 a - a +0 trident (weapon)
Missiles
 f - 7 poisoned darts (quivered)
 g - 38 arrows
 j - 60 stones
 l - 17 bolts
 t - 3 atropa-tipped darts
Armour
 b - a +0 scale mail (worn)
 c - a +0 kite shield (worn)
 u - a +0 pair of gloves (worn)
Jewellery
 m - an amulet of magic regeneration
Scrolls
 e - a scroll of immolation {unknown}
 i - a scroll of identify {unknown}
 p - a scroll of teleportation {unknown}
 s - a scroll of magic mapping {unknown}
Potions
 h - a potion of ambrosia {unknown}
 k - a potion of mutation {unknown}
 n - a potion of heal wounds {unknown}
 o - a potion of lignification {unknown}
 q - a potion of attraction {unknown}
 r - a potion of curing


   Skills:
 + Level 4.3 Fighting
 + Level 4.0 Polearms
 + Level 1.1 Throwing
 + Level 4.4 Armour
 + Level 0.6 Dodging
 - Level 0.1 Stealth
 + Level 4.1 Shields


You had 4 spell levels left.
You didn't know any spells.
Your spell library contained the following spells:

 Spells                   Type           Power      Damage    Failure   Level
 Animate Skeleton         Necr           0%         N/A       99%         1
 Apportation              Tloc           0%         N/A       99%         1
 Corona                   Hex            0%         N/A       99%         1
 Magic Dart               Conj           0%         1d3       99%         1
 Summon Small Mammal      Summ           0%         N/A       99%         1
 Call Imp                 Summ           0%         N/A       100%        2
 Searing Ray              Conj           0%         3d3       100%        2
 Call Canine Familiar     Summ           0%         N/A       100%        3
 Dazzling Flash           Conj/Hex       0%         N/A       100%        3
 Summon Guardian Golem    Hex/Summ       0%         N/A       100%        3
 Fulminant Prism          Conj/Hex       0%         3d6       100%        4
 Iskenderun's Mystic Bla  Conj/Tloc      0%         2d3       100%        4
 Summon Ice Beast         Ice/Summ       0%         N/A       100%        4
 Summon Lightning Spire   Summ/Air       0%         N/A       100%        4


Dungeon Overview and Level Annotations

Branches:
Dungeon (4/15)
 Temple: D:4-7

Altars:
Sif Muna

Annotations:
D:4 Edmund


Message History

You feel sick.
Edmund hits you with a +2 flail of venom.
You are more poisoned.
You closely miss Edmund.
Edmund is moderately wounded.
You feel very sick. Edmund barely misses you. You block Edmund's attack.
You hit Edmund.
Edmund is moderately wounded.
You feel very sick.
Edmund hits you with a +2 flail of venom.
You are more poisoned.
You hit Edmund.
Edmund is heavily wounded.
You feel very sick. Edmund closely misses you.
You barely miss Edmund.
Edmund is heavily wounded.
You feel very sick.
Edmund hits you with a +2 flail of venom!
You are more poisoned.
Edmund closely misses you.
You are too injured to fight recklessly!
You feel very mighty all of a sudden.
You feel very sick. Edmund hits you but does no damage.
You are lethally poisoned!
You hit Edmund.
Edmund is heavily wounded.
* * * LOW HITPOINT WARNING * * *
You feel extremely sick. You block Edmund's attack.
You puncture Edmund!
Edmund is severely wounded.
* * * LOW HITPOINT WARNING * * *
You feel very sick.
Edmund looks more healthy.
You block Edmund's attack.
You puncture Edmund!
Edmund is almost dead.
You die...

#######
##.....##
##.......##
#.........#
#.........#
#.........#
#<........#
#.>.....@.#
##......@##
#.........#
#.......(.#
#.......(.#
#.......(..
......(...
#..........


You could see Edmund.

Vanquished Creatures
  A hound (D:3)
  A centaur skeleton (D:2)
  5 adders
  4 gnolls
  2 worms
  A dart slug (D:1)
  6 ball pythons
  5 endoplasms
  3 giant cockroaches (D:1)
  7 goblins
  6 hobgoblins
  5 jackals
  3 kobolds (D:1)
  5 quokkas
  10 bats
  A frilled lizard (D:2)
  4 rats
69 creatures vanquished.

Vanquished Creatures (others)
  5 plants (D:1)
5 creatures vanquished.

Grand Total: 74 creatures vanquished

Notes
Turn   | Place    | Note
-------+----------+-------------------------------------------
     0 | D:1      | Kakkamies the Hill Orc Fighter began the quest for the Orb.
     0 | D:1      | Reached XP level 1. HP: 19/19 MP: 1/1
   118 | D:1      | Reached XP level 2. HP: 22/27 MP: 2/2
   776 | D:1      | Reached XP level 3. HP: 33/33 MP: 3/3
  1406 | D:2      | Reached XP level 4. HP: 37/40 MP: 4/4
  1467 | D:2      | Found a faded altar of an unknown god.
  2155 | D:2      | Found a shimmering blue altar of Sif Muna.
  2550 | D:3      | Reached skill level 1 in Throwing
  2550 | D:3      | Reached XP level 5. HP: 34/46 MP: 5/5
  3685 | D:4      | Noticed a necrophage
  3765 | D:4      | Noticed Edmund
  3780 | D:4      | Succumbed to Edmund's poison

Illustrated notes

Levels and vault maps discovered:
D:1:      mrwooster_arrival_statue_2, layout_loops_cross, serial_bayou_ford_a,
          serial_park_tiny_1, chequers_avenue, st_stairs_7
D:2:      layout_rooms, basic_altar, ebering_ecumenical_altar_hall,
          minmay_strange_pillars
D:3:      layout_basic
D:4:      layout_rooms, minmay_misc_feat_hallway, minmay_between, uniq_edmund

Skill      XL: |  1  2  3  4  5 |
---------------+----------------+-----
Fighting       | 4 |  4.3
Polearms       | 3 4 |  4.0
Armour         | 4 |  4.4
Throwing       | 1 |  1.1
Shields        | 4 |  4.1
Dodging        | |  0.6
Stealth        | |  0.1

Action                   |  1- 3 |  4- 6 || total
-------------------------+-------+-------++-------
Melee: Trident           |   125 |   180 ||   305
Throw: Dart              |    19 |    26 ||    45
  Use: Potion            |       |     1 ||     1
Armor: Scale mail        |    40 |    58 ||    98
Dodge: Dodged            |    41 |    52 ||    93
Block: Kite shield       |    60 |    80 ||   140

Table legend: (Time is in decaauts)
 A = Elapsed time spent in this place.
 B = Non-inter-level travel time spent in this place.
 C = Inter-level travel time spent in this place.
 D = Time resting spent in this place.
 E = Time spent auto-exploring this place.
 F = Levels seen in this place.
 G = Mean time per level.
                   A        B        C        D        E       F      G
               +--------+--------+--------+--------+--------+-----+--------+
         Total |   3909 |   3742 |    167 |    920 |   2128 |   4 |  977.2 |
       Dungeon |   3909 |   3742 |    167 |    920 |   2128 |   4 |  977.2 |
               +--------+--------+--------+--------+--------+-----+--------+

Top non-repeatable levels by time:
     D:1: 1385 daAuts
     D:3: 1348 daAuts
     D:2: 1140 daAuts
     D:4: 35 daAuts
